Map: [ESL] Royal Blood

Players

PiG - Winner!

  • Race: Zerg Zerg
  • League: Master
  • Spawn Location: 7:00

Bulya

  • Race: Terran Terran
  • Spawn Location: 1:00

VOD

Have the link to the VOD?

Description

Time

  • Played on: April 11, 2023, 8:20 p.m.
  • Length: 7:36
Show
View Real Time Build Order
Export as new Build Order

PiG Zerg - Winner!

Build Orders: Hatch First 

Get SALT Encoding   

  12  0:01  Drone  
  13  0:12  Overlord  
  13  0:18  Drone  
  14  0:31  Drone x2  
  16  0:37  Drone  
  17  0:53  Hatchery  
  16  0:57  Drone  
  16  1:00  Drone  
  18  1:11  Extractor  
  17  1:15  Spawning Pool  
  17  1:18  Drone  
  17  1:22  Drone  
  18  1:30  Drone  
  19  1:46  Drone  
  20  1:56  Overlord  
  20  2:03  Queen  
  20  2:04  Queen  
  20  2:06  Zergling x4  
  26  2:15  Metabolic Boost  
  26  2:22  Drone x2  
  28  2:29  Drone x2  
  30  2:42  Drone x2  
  32  2:45  Drone  
  32  2:49  Hatchery  
  32  2:59  Queen  
  32  3:00  Overlord  
  32  3:04  Drone x2  
  36  3:20  Drone x7  
  36  3:21  Overlord  
  43  3:47  Drone x8  
  43  3:48  Drone  
  52  3:49  Overlord  
  52  3:50  Overlord x2  
  52  3:55  Extractor  
  52  3:57  Baneling Nest  
  52  4:01  Queen  
  52  4:02  Queen  
  54  4:23  Zergling x18  
  63  4:25  Overlord x2  
  63  4:45  Hatchery  
  63  4:47  Hatchery  
  61  4:55  Drone x3  
  61  4:56  Drone x7  
  71  5:01  Drone x2  
  71  5:02  Drone  
  74  5:11  Evolution Chamber x2  
  72  5:22  Drone x3  
  74  5:39  Hatchery  
  73  5:51  Lair  
  72  6:09  Drone x3  
  72  6:10  Zergling x36  
  93  6:12  Overlord x7  
  93  6:18  Spore Crawler  
  92  6:20  Spore Crawler  
  92  6:21  Spore Crawler  
  90  6:26  Overlord  
  90  6:34  Spore Crawler  
  85  6:43  Baneling  
  84  6:54  Zergling x36  
Show
View Real Time Build Order
Export as new Build Order

Bulya Terran 

Build Orders: Reaper Expand 

Get SALT Encoding   

  12  0:00  SCV  
  13  0:12  SCV  
  14  0:17  Supply Depot  
  14  0:25  SCV  
  15  0:38  SCV  
  15  0:40  Barracks  
  16  0:46  Refinery  
  16  0:50  SCV  
  17  1:03  SCV  
  18  1:15  SCV  
  19  1:28  Orbital Command  
  19  1:34  Reaper  
  19  1:38  Command Center  
  20  1:49  Supply Depot  
  21  1:54  SCV  
  21  1:58  Refinery  
  21  2:06  SCV, Marine  
  23  2:13  Factory  
  23  2:18  SCV  
  24  2:26  Barracks Tech Lab  
  24  2:30  SCV  
  25  2:42  SCV  
  26  2:54  SCV  
  26  2:55  Orbital Command  
  27  3:02  Barracks Reactor  
  27  3:03  Starport  
  27  3:06  Hellion, SCV  
  30  3:19  SCV  
  31  3:21  SCV  
  32  3:29  Hellion, Supply Depot  
  32  3:31  SCV  
  32  3:33  SCV  
  36  3:43  SCV, Viking  
  36  3:45  SCV  
  40  3:55  SCV  
  41  3:57  SCV  
  42  4:04  Supply Depot  
  42  4:06  Hellion  
  42  4:07  SCV, Hellion  
  42  4:09  SCV, Command Center  
  48  4:19  SCV  
  48  4:22  Liberator  
  52  4:33  Hellion x2  
  52  4:34  Stimpack  
  52  4:36  SCV x2  
  58  4:39  Supply Depot  
  58  4:43  Engineering Bay  
  58  4:44  Engineering Bay  
  58  4:48  SCV x2  
  60  4:54  Refinery  
  60  4:57  Refinery  
  60  5:00  SCV x2  
  62  5:08  Factory Reactor  
  62  5:11  Barracks  
  62  5:12  Barracks  
  62  5:17  SCV x2  
  64  5:22  Starport Reactor  
  64  5:28  Terran Infantry Weapons Level 1, Terran Infantry Armor Level 1  
  64  5:29  Marine, SCV x2  
  67  5:41  SCV x2  
  67  5:42  Orbital Command  
  69  5:50  Supply Depot  
  69  5:53  SCV  
  68  6:07  SCV x2, Marine x2  
  68  6:08  Marine  
  71  6:20  Marine x2  
  71  6:22  Medivac x2, Factory Tech Lab  
  71  6:25  Marine  
  77  6:28  SCV x2  
  80  6:33  Marine x2  
  82  6:40  SCV  
  82  6:42  Orbital Command  
  72  6:47  SCV, Marine x2  
  72  6:48  Marine  
  72  6:49  Siege Tank  
  72  6:51  Marine x2  
  72  6:52  SCV  
  79  7:05  Marine x3  
  79  7:09  Marine x2  
  79  7:12  Supply Depot  
  79  7:13  Supply Depot  
  47  7:26  Barracks  
  47  7:27  Barracks  
Tags
 
League
Master
Matchup
TvZ
Player
PiG
Replay Pack
b2gm dia3
Spawn Locations
Cross Positions
Add a new tag
Caveats
  • Supply blocks, unpowered buildings, or Contaminate may cause inaccurate times.
  • Supply counts are checked every 10 seconds.